 Dungeon Crawl Stone Soup version 0.31-a0-1098-g6898e6545c (webtiles) character file.

Game seed: 7863619145816836421

119 Dirtsage the Changeling (level 5, -10/35 HPs)
             Began as an Octopode Shapeshifter on Nov 30, 2023.
             Killed from afar by an orc wizard (13 damage)
             ... with a puff of flame
             ... on level 4 of the Dungeon.
             The game lasted 00:02:43 (2413 turns).

Dirtsage the Changeling (Octopode Shapeshifter)     Turns: 2413, Time: 00:02:43

Health: -10/35     AC:  1    Str: 13    XL:     5   Next: 3%
Magic:  5/5        EV: 13    Int: 13    God:
Gold:   131        SH:  0    Dex: 13    Spells: 4/4 levels left

rFire   . .          .
                       - Unarmed
rCold   . . .        (no shield)
rNeg    . . .        (helmet currently unavailable)
rPois   .            (no amulet)
rElec   .            (no ring)
rCorr   .            (no ring)
SInv    .            (no ring)
Will    .....        (no ring)
Stlth   ++           (no ring)
HPRegen 0.25/turn    (no ring)
MPRegen 0.09/turn    (no ring)
                     (no ring)

%: no passive effects
@: beast-form
A: beast (slay +2), almost no armour, amphibious, 8 rings, camouflage 1,
gelatinous body 1, (nimble swimmer 1), tentacles
a: Begin Untransformation


You were on level 4 of the Dungeon.
You were a hulking beast.
You visited 1 branch of the dungeon, and saw 4 of its levels.

You collected 131 gold pieces.

Inventory:

Talismans
 b - a beast talisman
 c - a flux talisman
Wands
 j - a wand of quicksilver (6)
Scrolls
 d - 3 scrolls of identify {unknown}
 f - a scroll of noise {unknown}
 i - a scroll of enchant weapon {unknown}
 k - a scroll of immolation {unknown}
 m - a scroll of poison {unknown}
Potions
 a - a potion of lignification
 e - a potion of brilliance {unknown}
 g - 2 potions of attraction {unknown}
 h - 2 potions of invisibility {unknown}
 l - 2 potions of heal wounds {unknown}


   Skills:
 + Level 2.3 Fighting
 - Level 2.0 Dodging
 + Level 3.7 Unarmed Combat
 * Level 4.2 Shapeshifting


You had 4 spell levels left.
You didn't know any spells.
Your spell library contained the following spells:

 Spells                   Type           Power      Damage    Failure   Level
 Blink                    Tloc           0%         N/A       43%         2
 Lesser Beckoning         Tloc           0%         N/A       43%         2
 Momentum Strike          Conj/Tloc      0%         3d8       43%         2


Dungeon Overview and Level Annotations

Branches:
Dungeon (4/15)
 Temple: D:4-7

Altars:


Innate Abilities, Weirdness & Mutations

You are a hulking beast.
Your limbs bulge with bestial killing power. (Slay +2)
You cannot wear most types of armour.
You are amphibious.
You can wear up to eight rings at the same time.
Your skin changes colour to match your surroundings (Stealth+).
Your rubbery body absorbs attacks. (AC +1, EV +1)
((You are camouflaged when in or above water. (Stealth+)))
You have tentacles for arms and can constrict up to eight enemies at once.


Message History

Your squeeze misses the goblin.
An orc wizard comes into view. It is wielding a +0 dagger.
The goblin hits you with a +0 dagger of electrocution.
You closely miss the goblin. Your grab misses the goblin.
The goblin hits you with a +0 dagger of electrocution.
You take 4 damage, and have 11/34 hp.
You tentacle-slap the goblin. Your grab misses the goblin.
Your squeeze misses the goblin.
The goblin is severely wounded.
The goblin hits you with a +0 dagger of electrocution.
* * * LOW HITPOINT WARNING * * *
You take 1 damage, and have 10/34 hp.
You closely miss the goblin. Your grab misses the goblin.
The goblin is severely wounded.
The goblin barely misses you.
You tentacle-slap the goblin.
You kill the goblin!
The orc wizard hits you with a +0 dagger.
* * * LOW HITPOINT WARNING * * *
You take 2 damage, and have 8/35 hp.
You tentacle-slap the orc wizard but do no damage.
Your grab misses the orc wizard.
The orc wizard hits you with a +0 dagger.
* * * LOW HITPOINT WARNING * * *
You take 1 damage, and have 7/35 hp.
You closely miss the orc wizard. Your grab misses the orc wizard.
The orc wizard hits you with a +0 dagger.
* * * LOW HITPOINT WARNING * * *
You take 5 damage, and have 2/35 hp.
You barely miss the orc wizard. You grab the orc wizard.
You constrict the orc wizard. The orc wizard closely misses you.
You tentacle-slap the orc wizard. You squeeze the orc wizard.
The orc wizard is severely wounded.
You constrict the orc wizard. The orc wizard closely misses you.
You tentacle-slap the orc wizard.
The orc wizard is almost dead.
You constrict the orc wizard. The orc wizard casts a spell at you.
The puff of flame hits you!
You die...

#######...<†..###....#
######..........
#......[.###
#...........
#........##.
#........##.
#####...).......
#.).>........###
#####h###..?.....#
#...o.# #........#
#.##### #...)†......
###.........
#........# #........#
#......... ........##
####....#


You could see an orc wizard.

Vanquished Creatures
  4 adders
  A dart slug (D:1)
  2 orcs
  2 bats
  7 endoplasms
  5 giant cockroaches
  6 goblins
  6 hobgoblins
  4 jackals (D:3)
  7 quokkas
  11 ball pythons
  7 frilled lizards
  6 kobolds
  4 rats
72 creatures vanquished.

Notes
Turn   | Place    | Note
-------+----------+-------------------------------------------
     0 | D:1      | Dirtsage the Octopode Shapeshifter began the quest for the
                  | Orb.
     0 | D:1      | Reached XP level 1. HP: 13/13 MP: 1/1
    77 | D:1      | Reached XP level 2. HP: 10/18 MP: 2/2
   453 | D:1      | Reached XP level 3. HP: 23/23 MP: 3/3
   848 | D:2      | Found a faded altar of an unknown god.
  1441 | D:3      | Reached XP level 4. HP: 29/29 MP: 4/4
  1561 | D:3      | Identified the +1 ring mail of Juifaoq {Contam rCorr Dex+6
                  | Stlth-}
  1808 | D:3      | Reached skill level 4 in Shapeshifting
  2393 | D:4      | Reached XP level 5. HP: 13/34 MP: 5/5
  2413 | D:4      | Killed from afar by an orc wizard

Illustrated notes

Levels and vault maps discovered:
D:1:      enne_arrival_octagon_isle, layout_basic
D:2:      layout_basic, ebering_ecumenical_altar_mist
D:3:      layout_basic, kennysheep_nondescript
D:4:      layout_rooms, grunt_ministairs_15, uniq_ijyb

Skill      XL: |  1  2  3  4 |
---------------+-------------+-----
Fighting       | 2 |  2.3
Shapeshifting  | 4 |  4.2
Dodging        | |  2.0
Unarmed Combat | |  3.7

Action                     |  1- 3 |  4- 6 || total
---------------------------+-------+-------++-------
  Melee: Unarmed           |    73 |    66 ||   139
         Constrict         |    17 |    18 ||    35
         Tentacles         |     9 |    13 ||    22
         Punch             |     2 |     4 ||     6
   Stab: Sleeping          |     7 |     4 ||    11
 Armour: Skin              |    27 |    29 ||    56
  Dodge: Dodged            |    32 |    39 ||    71

Table legend: (Time is in decaauts)
 A = Elapsed time spent in this place.
 B = Non-inter-level travel time spent in this place.
 C = Inter-level travel time spent in this place.
 D = Time resting spent in this place.
 E = Time spent auto-exploring this place.
 F = Levels seen in this place.
 G = Mean time per level.
                   A        B        C        D        E       F      G
               +--------+--------+--------+--------+--------+-----+--------+
         Total |   2403 |   2273 |    130 |     30 |   1846 |   4 |  600.8 |
       Dungeon |   2403 |   2273 |    130 |     30 |   1846 |   4 |  600.8 |
               +--------+--------+--------+--------+--------+-----+--------+

Top non-repeatable levels by time:
     D:3: 892 daAuts
     D:2: 822 daAuts
     D:1: 599 daAuts
     D:4: 89 daAuts
